 Dungeon Crawl Stone Soup version 0.31-a0-1611-g890cdf5628 (webtiles) character file.

Game seed: 7902105805418015374

235 jasper the Chopper (level 6, 0/47 HPs)
             Began as a Human Fighter on Jan 8, 2024.
             Slain by a hound (3 damage)
             ... on level 4 of the Dungeon.
             The game lasted 00:02:58 (1794 turns).

jasper the Chopper (Human Fighter)                  Turns: 1794, Time: 00:02:58

Health: 0/47       AC:  7    Str: 18    XL:     6   Next: 6%
Magic:  6/6        EV:  9    Int:  8    God:
Gold:   92         SH:  5    Dex: 13    Spells: 5/5 levels left

rFire   . . .        a - +0 war axe
rCold   . . .        c - +1 buckler
rNeg    . . .        b - +0 scale mail
rPois   .            (no helmet)
rElec   .            e - +0 cloak
rCorr   .            (no gloves)
SInv    .            (no boots)
Will    .....        (no amulet) Stlth
                     (no ring)
HPRegen 0.27/turn    (no ring)
MPRegen 0.10/turn

%: no passive effects
@: mighty
A: explore regen
a: no special abilities


You were on level 4 of the Dungeon.
You visited 1 branch of the dungeon, and saw 4 of its levels.

You collected 92 gold pieces.

Inventory:

Hand Weapons
 a - a +0 war axe (weapon)
 o - a +0 sling
Missiles
 h - 28 stones (quivered)
 n - 3 javelins
Armour
 b - a +0 scale mail (worn)
 c - a +1 buckler (worn)
 e - a +0 cloak (worn)
Potions
 d - 2 potions of might
 f - a potion of enlightenment
 g - a potion of lignification
 j - a potion of curing
 k - a potion of degeneration
 l - a potion of brilliance
 m - a potion of mutation {unknown}


   Skills:
 - Level 3.0 Fighting
 + Level 6.1 Axes
 - Level 3.0 Armour
 - Level 3.0 Shields


You had 5 spell levels left.
You didn't know any spells.
Your spell library contained the following spells:

 Spells                   Type           Power      Damage    Failure   Level
 Slow                     Hex            0%         N/A       86%         1
 Scorch                   Fire           0%         2d5       95%         2
 Confusing Touch          Hex            0%         N/A       99%         3
 Sigil of Binding         Hex            0%         N/A       99%         3
 Tukima's Dance           Hex            0%         N/A       99%         3
 Vampiric Draining        Necr           0%         2d6       99%         3
 Dimensional Bullseye     Hex/Tloc       0%         N/A       100%        4
 Flame Wave               Conj/Fire      0%         2d4       100%        4
 Iskenderun's Mystic Bla  Conj/Tloc      0%         2d3       100%        4
 Summon Cactus Giant      Summ           0%         N/A       100%        6


Dungeon Overview and Level Annotations

Branches:
Dungeon (4/15)
 Temple: D:4-7

Altars:

Annotations:
D:3 Grinder


Innate Abilities, Weirdness & Mutations

You regain HP and MP as you explore.


Message History

The gnoll is almost dead.
The gnoll hits you with a +0 club.
* * * LOW HITPOINT WARNING * * *
The gnoll closely misses you.
You take 5 damage, and have 11/47 hp.
You hit the gnoll.
You kill the gnoll!
A hound comes into view.
Unknown command.
You hear the slow rusting of a very distant drain.
Things that are here:
a +0 whip; a gnoll corpse You completely miss the hound.
The hound bites you.
* * * LOW HITPOINT WARNING * * *
You take 3 damage, and have 10/47 hp.
You closely miss the hound. The hound closely misses you.
You block the hound's attack.
You miss the hound. The hound bites you.
* * * LOW HITPOINT WARNING * * *
The hound bites you.
* * * LOW HITPOINT WARNING * * *
You take 4 damage, and have 6/47 hp.
You hit the hound.
The hound is moderately wounded.
You block the hound's attack. The hound closely misses you.
You miss the hound.
The hound is moderately wounded.
The hound closely misses you. The hound bites you but does no damage.
You barely miss the hound.
The hound is moderately wounded.
The hound bites you but does no damage.
You hit the hound.
The hound is heavily wounded.
You block the hound's attack. The hound bites you.
* * * LOW HITPOINT WARNING * * *
You take 4 damage, and have 3/47 hp.
You miss the hound.
The hound is heavily wounded.
The hound bites you but does no damage. The hound bites you.
You die...

#...........# #.# #.#
#..# #.#####.###.###.#
#.# #..# #.# #.....# #.#
#..# #.# #.......##.#
#.## ##.# #..####.#### #.
#..# #..#### #.##
#..##.##.....## #.#
#.....#...$...#
###.####..##@#......:#
#.##..........#h#.......#
#.............#)# ..g.$#
####.#.#####..#)###..g#
#.#........#)#.##g#######
#.#######..#.#...........
. #..........g......... .
#.##...###...........
#...# ####+#######


You could see a hound.

Vanquished Creatures
  An ogre (D:4)
  Crazy Yiuf (D:2)
  A jelly (D:4)
  4 gnolls (D:4)
  An adder (D:4)
  A dart slug (D:1)
  2 endoplasms (D:1)
  A giant cockroach (D:1)
  3 hobgoblins
  5 kobolds
  2 quokkas
  8 ball pythons
  6 bats
  A frilled lizard (D:2)
  7 goblins
  2 rats (D:1)
46 creatures vanquished.

Notes
Turn   | Place    | Note
-------+----------+-------------------------------------------
     0 | D:1      | jasper the Human Fighter began the quest for the Orb.
     0 | D:1      | Reached XP level 1. HP: 18/18 MP: 1/1
   108 | D:1      | Reached XP level 2. HP: 24/24 MP: 2/2
   218 | D:1      | Reached skill level 3 in Axes
   363 | D:1      | Reached XP level 3. HP: 28/29 MP: 3/3
  1100 | D:2      | Found a runed translucent door.
  1101 | D:2      | Noticed Crazy Yiuf
  1108 | D:2      | Killed Crazy Yiuf
  1109 | D:2      | Reached skill level 4 in Axes
  1109 | D:2      | Reached XP level 4. HP: 24/35 MP: 1/4
  1371 | D:3      | Noticed Grinder
  1371 | D:3      | Paralysed by Grinder for 3 turns
  1379 | D:3      | Paralysed by Grinder for 3 turns
  1748 | D:4      | Noticed an ogre
  1767 | D:4      | Reached skill level 5 in Axes
  1767 | D:4      | Reached XP level 5. HP: 26/41 MP: 5/5
  1774 | D:4      | Killed an ogre
  1776 | D:4      | Reached skill level 6 in Axes
  1781 | D:4      | Reached XP level 6. HP: 16/47 MP: 6/6
  1794 | D:4      | Slain by a hound

Illustrated notes

Levels and vault maps discovered:
D:1:      dpeg_arrival_round_a, layout_rooms
D:2:      layout_basic, minmay_ruptured, uniq_crazy_yiuf_cottage
D:3:      layout_rooms, minmay_joined_circles, uniq_grinder
D:4:      kennysheep_six_static_rooms, layout_loops_ring, gup_sewer_entry_bowl

Skill      XL: |  1  2  3  4  5 |
---------------+----------------+-----
Axes           | 3 4 5 6 |  6.1
Fighting       | |  3.0
Armour         | |  3.0
Shields        | |  3.0

Action                     |  1- 3 |  4- 6 || total
---------------------------+-------+-------++-------
  Melee: War axe           |    79 |    59 ||   138
  Throw: Stone             |     1 |       ||     1
    Use: Scroll            |     6 |     3 ||     9
         Potion            |       |     2 ||     2
 Armour: Scale mail        |    57 |    50 ||   107
  Dodge: Dodged            |    46 |    34 ||    80
  Block: Buckler           |    23 |    17 ||    40

Table legend: (Time is in decaauts)
 A = Elapsed time spent in this place.
 B = Non-inter-level travel time spent in this place.
 C = Inter-level travel time spent in this place.
 D = Time resting spent in this place.
 E = Time spent auto-exploring this place.
 F = Levels seen in this place.
 G = Mean time per level.
                   A        B        C        D        E       F      G
               +--------+--------+--------+--------+--------+-----+--------+
         Total |   1852 |   1754 |     98 |    204 |   1027 |   4 |  463.0 |
       Dungeon |   1852 |   1754 |     98 |    204 |   1027 |   4 |  463.0 |
               +--------+--------+--------+--------+--------+-----+--------+

Top non-repeatable levels by time:
     D:1: 807 daAuts
     D:2: 711 daAuts
     D:4: 214 daAuts
     D:3: 119 daAuts
